 Dungeon Crawl Stone Soup version 0.23.0 (webtiles) character file.

Game seed: 16879009546059602632

148545 vishdafish the Brawler (level 16, -6/158 HPs)
             Began as a Troll Skald on Feb 16, 2019.
             Was the Champion of Cheibriados.
             Mangled by a demonic crawler (8 damage)
             ... on level 3 of the Spider Nest.
             The game lasted 01:35:37 (24936 turns).

vishdafish the Brawler (Troll Skald)               Turns: 24936, Time: 01:35:37

Health: -6/158     AC: 16    Str: 38    XL:     16   Next: 94%
Magic:  18/19      EV: 13    Int: 29    God:    Cheibriados [******]
Gold:   1233       SH:  0    Dex: 34    Spells: 2/19 levels left

rFire    . . .     SeeInvis .     - Unarmed
rCold    . . .     Gourm    +   (no shield)
rNeg     . . .     Faith    .   D - quicksilver dragon scales
rPois    .         Spirit   .   I - +0 hat
rElec    .         Reflect  .   l - scarf {repulsion}
rCorr    .         Harm     .   (gloves unavailable)
MR       ++++.                  (boots unavailable)
Stlth    +.........             F - amulet "Buwkumoalu" {RegenMP MR++ Dex+8}
HPRegen  0.76/turn              B - ring of wizardry
MPRegen  0.41/turn              y - ring of wizardry

@: confused, lethally poisoned (-6 -> -57), marked, repel missiles, very slow
A: large, unfitting armour, claws 3, repulsion field 1, agile 1, fast metabolism
3, gourmand, regeneration 1, shaggy fur 1, tough skin 3, subdued magic 1
a: Bend Time, Temporal Distortion, Slouch, Step From Time, Renounce Religion


You were on level 3 of the Spider Nest.
You worshipped Cheibriados.
Cheibriados was exalted by your worship.
You were not hungry.

You visited 5 branches of the dungeon, and saw 27 of its levels.
You also visited: Gauntlet and Ice Cave.

You collected 2560 gold pieces.
You spent 1327 gold pieces at shops.

Inventory:

Hand Weapons
 A - a +5 halberd of venom
 K - a +4 scimitar of flaming
Armour
 l - a scarf of repulsion (worn)
 p - a +2 cloak
 D - quicksilver dragon scales (worn)
 H - a +1 robe of fire resistance
 I - a +0 hat (worn)
 R - a +0 large shield of fire resistance
 V - +0 shadow dragon scales
Magical Staves
 W - an uncursed staff of summoning
Jewellery
 a - an uncursed ring of flight
 i - an uncursed ring of ice
 y - a ring of wizardry (right claw)
 B - a ring of wizardry (left claw)
 F - the amulet "Buwkumoalu" (around neck) {RegenMP MR++ Dex+8}
   (You acquired it on level 5 of the Lair of Beasts)

   [amulet of magic regeneration]

   It increases your magic regeneration.
   It affects your dexterity (+8).
   It affects your resistance to hostile enchantments.
 J - an uncursed ring of resist corrosion
 T - the ring "Heteawos" {rElec rC+ Int+5}
   (You acquired it on level 5 of the Lair of Beasts)

   [ring of protection from cold]

   It affects your intelligence (+5).
   It protects you from cold.
   It insulates you from electricity.
 U - an uncursed amulet of regeneration
 Z - an uncursed ring of ice
Wands
 c - a wand of digging (12)
 d - a wand of flame (25)
 v - a wand of clouds (2)
 x - a wand of iceblast (24)
 C - a wand of paralysis (4)
 P - a wand of polymorph (39)
Scrolls
 b - 3 scrolls of immolation
 f - 8 scrolls of enchant armour
 g - 8 scrolls of enchant weapon
 h - a scroll of teleportation
 j - a scroll of blinking
 k - 2 scrolls of magic mapping
 r - 9 scrolls of remove curse
 u - a scroll of brand weapon
 z - a scroll of torment
 N - a scroll of holy word
 Q - 3 scrolls of silence
 S - 3 scrolls of vulnerability
 Y - 4 scrolls of identify
Potions
 e - 4 potions of brilliance
 o - 2 potions of berserk rage
 q - 4 potions of agility
 s - a potion of resistance
 w - 2 potions of magic
 E - a potion of might {unknown}
 O - 3 potions of haste
Miscellaneous
 L - a crystal ball of energy
 M - a lamp of fire
Comestibles
 m - 36 rations


   Skills:
 - Level 10.0 Fighting
 * Level 14.2 Throwing
 - Level 7.5 Armour
 - Level 1.9 Dodging
 + Level 6.0 Shields
 + Level 16.1 Unarmed Combat
 - Level 2.3 Spellcasting
 - Level 3.0 Charms
 + Level 6.6 Transmutations
 - Level 7.0 Earth Magic
 - Level 6.0 Invocations


You had 2 spell levels left.
You knew the following spells:

 Your Spells              Type           Power        Failure   Level  Hunger
a - Infusion              Chrm           ###.         1%          1    None
b - Song of Slaying       Chrm           ###.....     1%          2    ##.....
c - Shroud of Golubria    Chrm/Tloc      #.........   1%          2    ##.....
d - Ice Form              Ice/Tmut       ###.....     6%          4    ####...
e - Blade Hands           Tmut           ####......   4%          5    ######.
f - Passwall              Tmut/Erth      ####....     1%          2    ##.....
g - Confusing Touch       Hex            #.....       2%          1    None

Your spell library contained the following spells:

 Spells                   Type           Power        Failure   Level  Hunger
 Beastly Appendage        Tmut           ####..       1%          1    None
 Sandblast                Erth           ####..       1%          1    None
 Sticks to Snakes         Tmut           ####....     1%          2    ##.....
 Freeze                   Ice            #...         2%          1    None
 Magic Dart               Conj           #...         2%          1    None
 Blink                    Tloc           N/A          3%          2    ##.....
 Call Imp                 Summ           #.......     3%          2    ##.....
 Corpse Rot               Necr           N/A          3%          2    ##.....
 Poisonous Vapours        Pois/Air       #.....       3%          2    ##.....
 Slow                     Hex            #.......     3%          2    ##.....
 Sublimation of Blood     Necr           #.........   3%          2    ##.....
 Throw Frost              Conj/Ice       #.....       3%          2    ##.....
 Spider Form              Tmut/Pois      ###.......   1%          3    ###....
 Stone Arrow              Conj/Erth      ###...       1%          3    ###....
 Petrify                  Tmut/Erth      ####....     1%          4    ####...
 Lee's Rapid Deconstruct  Erth           ####......   3%          5    ######.
 Ozocubu's Armour         Chrm/Ice       #.......     4%          3    ###....
 Regeneration             Chrm/Necr      #.........   4%          3    ###....
 Spectral Weapon          Hex/Chrm       #.......     4%          3    ###....
 Leda's Liquefaction      Hex/Erth       ###.......   5%          4    ####...
 Confuse                  Hex            #.......     7%          3    ###....
 Conjure Flame            Conj/Fire      #.......     7%          3    ###....
 Gell's Gravitas          Tloc           #.........   7%          3    ###....
 Mephitic Cloud           Conj/Pois/Air  #.......     7%          3    ###....
 Static Discharge         Conj/Air       #.......     7%          3    ###....
 Yara's Violent Unravell  Hex/Tmut       ###.......   17%         5    ######.
 Statue Form              Tmut/Erth      ####.....    21%         6    #######
 Summon Ice Beast         Ice/Summ       #.......     24%         4    ####...
 Throw Icicle             Conj/Ice       #.......     24%         4    ####...
 Bolt of Magma            Conj/Fire/Erth ##........   24%         5    ######.
 Excruciating Wounds      Chrm/Necr      #.........   32%         5    ######.
 Agony                    Necr           #.......     52%         5    ######.
 Bolt of Draining         Conj/Necr      #.........   52%         5    ######.
 Dispel Undead            Necr           #.......     52%         5    ######.
 Fireball                 Conj/Fire      #.........   52%         5    ######.
 Lightning Bolt           Conj/Air       #.........   52%         5    ######.
 Metabolic Englaciation   Hex/Ice        #.........   52%         5    ######.
 Iron Shot                Conj/Erth      ###.......   63%         6    #######
 Bolt of Cold             Conj/Ice       #.........   96%         6    #######
 Freezing Cloud           Conj/Ice/Air   #.........   96%         6    #######
 Ozocubu's Refrigeration  Ice            #.........   96%         6    #######
 Simulacrum               Ice/Necr       #.........   96%         6    #######
 Malign Gateway           Summ/Tloc      #.........   100%        7    #######
 Monstrous Menagerie      Summ           #.........   100%        7    #######
 Ring of Flames           Chrm/Fire      #.........   100%        7    #######
 Summon Greater Demon     Summ           #.........   100%        7    #######
 Ignition                 Fire           #.........   100%        8    #######
 Summon Horrible Things   Summ           #.........   100%        8    #######
 Shatter                  Erth           ####......   100%        9    #######
 Tornado                  Air            #.........   100%        9    #######


Dungeon Overview and Level Annotations

Branches:
Dungeon (15/15)            Temple (1/1) D:5            Lair (6/6) D:11
 Shoals (0/4) Lair:2       Spider (3/4) Lair:2        Slime (0/5) Lair:6
    Orc (2/2) D:12            Elf (0/3) Orc:2        Vaults (0/5) D:13
 Depths (0/5) D:15

Altars:
Ashenzari
Cheibriados
Fedhas
Kikubaaqudgha
Makhleb
Nemelex Xobeh
Okawaru
Trog
Vehumet
Wu Jian
Xom
Zin
The Shining One
Beogh

Shops:
D:7 (   Orc:2 *%}:


Innate Abilities, Weirdness & Mutations

You are too large for most types of armour.
You have claws for hands.
Your metabolism is lightning-fast.
You like to eat raw meat.
Your natural rate of healing is unusually fast.
You are covered in fur. (AC +1)
You have extremely tough skin. (AC +3)
You are surrounded by a mild repulsion field. (EV +2)
You are agile. (Dex +2)
Your spells are a little easier to cast, but a little less powerful.


Message History

You are more confused.
You feel more invigorated.
* * * LOW HITPOINT WARNING * * *
You feel very sick.
The demonic crawler completely misses you.
The demonic crawler hits you!
* * * LOW HITPOINT WARNING * * *
The demonic crawler completely misses you.
A worker ant comes into view.
You're too confused to cast spells.
Okay, then.
You're too confused!
You're too confused!
You're too confused!
You scratch the demonic crawler.
The demonic crawler is lightly wounded.
* * * LOW HITPOINT WARNING * * *
You feel very sick. The demonic crawler hits you!
You die...

.....^..##.............†.....#...
.........#^........##.......#....
.......^...........##(.....###...
.........##........###.....##....
..........##......^###...^###....
..........###.....###....## #....
...........#....###.......###....
..........#...#............##....
..........##.#.s@†..........#....
#........###§§§s.#...^.......##.#
##......###.††a###.............##
#.....## #..†.††##.........#..#.
###... #...##a##.....^...#....
##. #.#####†ss.....[..#.#... #^
#'sa##.....##..... ..
#.(.#########..... #. #..#(†
#.....


You could see 2 demonic crawlers and a worker ant.

Vanquished Creatures
  Arachne (Spider:2)
  Rupert (Orc:2)
  Kirke (Spider:2)
  Agnes (D:15)
  Roxanne (D:15)
  Louise (Spider:2)
  A juggernaut zombie (D:15)
  An emperor scorpion (Spider:3)
  2 entropy weavers
  Azrael (D:14)
  A minotaur (Gauntlet)
  Snorg (Orc:2)
  Josephine (D:10)
  The ghost of Esekla the Carver, a journeyman OpAK of Lugonu (Lair:4)
  5 hydras
  3 catoblepae (Lair:6)
  8 vault guards (D:13)
  Harold (D:9)
  8 two-headed ogres
  2 centaur warriors
  8 death yaks (Lair:6)
  A queen ant (Spider:3)
  5 orc high priests (Orc:2)
  A fire crab (Gauntlet)
  2 unseen horrors
  A flayed ghost (D:15)
  A skeletal warrior (D:15)
  An unseen horror (shapeshifter) (D:15)
  A wolf spider zombie (D:15)
  A harpy (shapeshifter) (D:14)
  15 wolf spiders
  A deep elf mage (D:12)
  2 oklob plants (Lair:1)
  2 necromancers
  5 manticores
  13 orb spiders
  10 ugly things
  2 cyclopes
  3 black mambas
  6 elephants
  An ice statue (IceCv)
  Psyche (D:9)
  10 spiny frogs
  2 gargoyles (D:14)
  5 centaur skeletons
  5 komodo dragons
  2 torpor snails
  A kobold demonologist (D:14)
  3 rime drakes
  6 demonic crawlers
  A guardian mummy (D:15)
  2 tengu conjurers (D:14)
  10 freezing wraiths (IceCv)
  6 meliai
  A queen bee (D:15)
  6 trolls
  A troll (shapeshifter) (D:14)
  A wolf spider simulacrum (IceCv)
  Grinder (D:4)
  31 jumping spiders
  4 hornets
  11 blink frogs
  A raiju (Gauntlet)
  A slime creature (Lair:6)
  8 hippogriffs
  A shadow (D:12)
  19 dream sheep
  An ice dragon zombie (D:15)
  A ynoxinul (Gauntlet)
  13 tarantellas
  50 redbacks
  8 wraiths
  6 hogs
  59 yaks
  4 wyverns
  4 fire elementals
  2 steam dragons (Gauntlet)
  3 fire bats (Gauntlet)
  2 basilisks
  A hungry ghost (D:9)
  3 humans
  2 vampire mosquitoes (D:15)
  A human zombie (D:15)
  9 wargs
  A death yak simulacrum (IceCv)
  21 soldier ants (Spider:3)
  A tengu zombie (D:15)
  2 acid dragons
  9 water moccasins
  4 hell hounds
  Duvessa (D:4)
  7 porcupines
  A black bear (D:10)
  13 orc warriors
  5 sky beasts
  A hornet zombie (D:12)
  15 ice beasts
  5 phantoms
  24 wolves
  A necrophage (D:8)
  7 ogres
  16 centaurs
  15 crocodiles
  2 big kobolds (D:14)
  Blork the orc (D:4)
  15 bullfrogs
  2 wyvern zombies (D:14)
  A water moccasin zombie (D:11)
  6 scorpions
  A water moccasin skeleton (D:9)
  Dowan (D:4)
  28 killer bees
  An elephant simulacrum (IceCv)
  2 electric eels
  5 howler monkeys
  8 crimson imps
  2 bullfrog zombies
  5 centaur zombies
  A lava snake (D:11)
  A gnoll shaman (D:8)
  4 iron imps (Gauntlet)
  5 jellies
  Crazy Yiuf (D:3)
  5 draconian simulacra (IceCv)
  40 orc priests
  4 hounds
  18 orc wizards
  5 bullfrog skeletons
  5 iguanas
  A spriggan simulacrum (IceCv)
  28 worker ants
  3 troll simulacra (IceCv)
  A polar bear simulacrum (IceCv)
  4 centaur simulacra (IceCv)
  2 hound zombies
  A worker ant zombie (D:5)
  A howler monkey skeleton (D:7)
  8 gnolls
  13 adders
  2 naga simulacra (IceCv)
  5 ogre simulacra (IceCv)
  12 white imps (IceCv)
  3 oozes
  An adder skeleton (D:7)
  3 worms
  A dart slug (D:3)
  3 leopard geckos
  72 orcs
  3 giant cockroaches
  7 goblins
  7 hobgoblins
  16 jackals
  8 kobolds
  2 quokkas
  2 ball pythons
  7 bats
  3 frilled lizards (D:2)
  A giant cockroach zombie (D:5)
  8 rats
  A plant (Lair:1)
980 creatures vanquished.

Vanquished Creatures (others)
  An ugly thing (D:15)
  3 fungi
  9 plants
  4 withered plants (D:15)
17 creatures vanquished.

Grand Total: 997 creatures vanquished

Notes
Turn   | Place    | Note
-------+----------+-------------------------------------------
     0 | D:1      | vishdafish the Troll Skald began the quest for the Orb.
     0 | D:1      | Reached XP level 1. HP: 19/19 MP: 1/1
     6 | D:1      | Noticed a hog
     6 | D:1      | Noticed an anaconda
     6 | D:1      | Noticed a swamp drake
     7 | D:1      | Noticed a komodo dragon
     7 | D:1      | Noticed a worker ant
   251 | D:1      | Reached XP level 2. HP: 28/28 MP: 3/3
   302 | D:1      | Found a sparkling altar of Nemelex Xobeh.
  1077 | D:2      | Reached XP level 3. HP: 34/35 MP: 4/4
  1140 | D:2      | Noticed an ogre
  1189 | D:2      | Killed an ogre
  1189 | D:2      | Reached XP level 4. HP: 44/44 MP: 5/5
  1251 | D:2      | Reached skill level 3 in Unarmed Combat
  1417 | D:2      | Reached XP level 5. HP: 50/50 MP: 6/6
  1606 | D:2      | Found a burning altar of Makhleb.
  1610 | D:2      | Found an ornate altar of the Wu Jian Council.
  2421 | D:3      | Found a runed translucent door.
  2422 | D:3      | Noticed Crazy Yiuf
  2679 | D:3      | Killed Crazy Yiuf
  2679 | D:3      | Reached XP level 6. HP: 44/59 MP: 8/8
  2941 | D:4      | Noticed Blork the orc
  2948 | D:4      | Killed Blork the orc
  2948 | D:4      | Reached skill level 4 in Unarmed Combat
  3002 | D:4      | Learned a level 2 spell: Song of Slaying
  3005 | D:4      | Learned a level 2 spell: Shroud of Golubria
  3091 | D:4      | Noticed Grinder
  3096 | D:4      | Paralysed by Grinder for 4 turns
  3101 | D:4      | Paralysed by Grinder for 6 turns
  3108 | D:4      | Paralysed by Grinder for 3 turns
  3115 | D:4      | Paralysed by Grinder for 3 turns
  3119 | D:4      | Killed Grinder
  3119 | D:4      | Reached skill level 5 in Unarmed Combat
  3119 | D:4      | Reached XP level 7. HP: 30/68 MP: 6/9
  3163 | D:4      | Noticed Dowan
  3164 | D:4      | Noticed Duvessa
  3167 | D:4      | Killed Dowan
  3173 | D:4      | Killed Duvessa
  3541 | D:5      | Entered Level 5 of the Dungeon
  3559 | D:5      | Reached skill level 6 in Unarmed Combat
  3723 | D:5      | Reached XP level 8. HP: 76/79 MP: 10/10
  3830 | D:5      | Found a staircase to the Ecumenical Temple.
  3848 | Temple   | Entered the Ecumenical Temple
  3920 | Temple   | Became a worshipper of Cheibriados the Contemplative
  4454 | D:6      | Reached skill level 7 in Unarmed Combat
  4544 | D:6      | Found a glowing silver altar of Zin.
  4618 | D:6      | Found an ornate altar of the Wu Jian Council.
  4738 | D:6      | Reached skill level 5 in Fighting
  4962 | D:7      | Reached skill level 8 in Unarmed Combat
  5098 | D:7      | Found Huloirchi's Weapon Boutique.
  5533 | D:7      | Reached * piety under Cheibriados
  5551 | D:7      | Reached XP level 9. HP: 88/88 MP: 11/11
  5571 | D:7      | Reached skill level 1 in Armour
  5614 | D:7      | Reached skill level 9 in Unarmed Combat
  5844 | D:8      | Found a blossoming altar of Fedhas.
  6024 | D:8      | Reached ** piety under Cheibriados
  6172 | D:9      | Reached skill level 10 in Unarmed Combat
  6182 | D:9      | Noticed Psyche
  6196 | D:9      | Killed Psyche
  6233 | D:9      | Reached XP level 10. HP: 86/100 MP: 12/12
  6344 | D:9      | Noticed Harold
  6353 | D:9      | Killed Harold
  6353 | D:9      | Reached skill level 5 in Armour
  6606 | D:9      | Reached *** piety under Cheibriados
  6653 | D:9      | Reached skill level 11 in Unarmed Combat
  7148 | D:9      | Gained mutation: Your spells are a little easier to cast,
                  | but a little less powerful. [potion of mutation]
  7148 | D:9      | Gained mutation: You are agile. (Dex +2) [potion of
                  | mutation]
  7148 | D:9      | Gained mutation: You are surrounded by a mild repulsion
                  | field. (EV +2) [potion of mutation]
  7206 | D:10     | Entered Level 10 of the Dungeon
  7206 | D:10     | Noticed Josephine
  7283 | D:10     | Found an ancient bone altar of Kikubaaqudgha.
  7437 | D:10     | Reached XP level 11. HP: 57/109 MP: 13/13
  7445 | D:10     | Reached **** piety under Cheibriados
  7456 | D:10     | Killed Josephine
  7824 | D:10     | Reached skill level 12 in Unarmed Combat
  8308 | D:11     | Reached ***** piety under Cheibriados
  8532 | D:11     | Reached skill level 1 in Invocations
  8565 | D:11     | Found a staircase to the Lair.
  8821 | D:11     | Reached skill level 1 in Throwing
  9153 | D:12     | Found a shattered altar of Ashenzari.
  9312 | D:12     | Noticed a purple ugly thing
  9324 | D:12     | Killed a purple ugly thing
  9340 | D:12     | Found a staircase to the Orcish Mines.
  9424 | D:12     | Noticed an eight-headed hydra
  9490 | Orc:1    | Entered Level 1 of the Orcish Mines
  9582 | Orc:1    | Found a dark tunnel.
  9722 | Orc:1    | Noticed a two-headed ogre
  9729 | Orc:1    | Noticed a two-headed ogre
  9787 | Orc:1    | Killed a two-headed ogre
  9787 | Orc:1    | Reached XP level 12. HP: 47/119 MP: 11/14
  9790 | Orc:1    | Killed a two-headed ogre
  9820 | Orc:1    | Noticed a two-headed ogre
  9828 | Orc:1    | Killed a two-headed ogre
  9894 | Orc:1    | Reached skill level 5 in Invocations
 10014 | Orc:1    | Found a roughly hewn altar of Beogh.
 10270 | Orc:2    | Entered Level 2 of the Orcish Mines
 10270 | Orc:2    | Found a staircase to the Elven Halls.
 10270 | Orc:2    | Noticed Snorg
 10275 | Orc:2    | Killed Snorg
 10319 | Orc:2    | Found a gate leading to a gauntlet.
 10325 | Gauntlet | Entered a Gauntlet
 10325 | Gauntlet | Found a transporter.
 10325 | Gauntlet | Found a transporter.
 10349 | Gauntlet | Found a transporter.
 10378 | Gauntlet | Found a transporter.
 10391 | Gauntlet | Found a runed translucent door.
 10394 | Gauntlet | Found a transporter.
 10394 | Gauntlet | Found a transporter.
 10402 | Gauntlet | Found a runed translucent door.
 10417 | Gauntlet | Found a transporter.
 10417 | Gauntlet | Found a transporter.
 10433 | Gauntlet | Found a transporter.
 10436 | Gauntlet | Found a transporter.
 10463 | Gauntlet | Found a transporter.
 10463 | Gauntlet | Found a transporter.
 10493 | Gauntlet | Reached skill level 5 in Throwing
 10505 | Gauntlet | Reached ****** piety under Cheibriados
 10512 | Gauntlet | Got a translucent hat
 10518 | Gauntlet | Identified the cursed -4 hat "Qasm" {rF+} (You found it in
                  | a Gauntlet)
 10567 | Gauntlet | Noticed a minotaur
 10582 | Gauntlet | Killed a minotaur
 10582 | Gauntlet | Reached skill level 13 in Unarmed Combat
 10597 | Gauntlet | Identified the Papyrus of Attacks and the Mountains
 10693 | Gauntlet | Learned a level 4 spell: Ice Form
 10699 | Gauntlet | Learned a level 5 spell: Blade Hands
 10748 | Orc:2    | Noticed Rupert
 10762 | Orc:2    | Killed Rupert
 10762 | Orc:2    | Reached skill level 1 in Transmutations
 10767 | Orc:2    | Found a bloodstained altar of Trog.
 10776 | Orc:2    | Noticed a two-headed ogre
 10781 | Orc:2    | Killed a two-headed ogre
 10806 | Orc:2    | Noticed an orc high priest
 10806 | Orc:2    | Noticed an orc high priest
 10827 | Orc:2    | HP: 4/122 [sun demon[an orc high priest] (19)]
 10855 | Orc:2    | Noticed an orc high priest
 10864 | Orc:2    | Killed an orc high priest
 10960 | Orc:2    | Killed an orc high priest
 11142 | Orc:2    | Killed an orc high priest
 11188 | Orc:2    | Found a roughly hewn altar of Beogh.
 11232 | Orc:2    | Found Bebbig's General Store.
 11232 | Orc:2    | Found Iwadiw's Food Shoppe.
 11237 | Orc:2    | Bought a scroll of identify for 26 gold pieces
 11237 | Orc:2    | Bought a scroll of identify for 26 gold pieces
 11239 | Orc:2    | Identified a scroll of acquirement
 11284 | Orc:2    | Reached XP level 13. HP: 128/128 MP: 16/16
 11666 | Orc:2    | Found Xidor's Book Shoppe.
 11666 | Orc:2    | Found Fefoipliut's Gadget Shop.
 12316 | D:13     | You fall through a shaft!
 12338 | D:14     | Noticed Azrael
 12357 | D:14     | Killed Azrael
 12488 | D:14     | Reached skill level 5 in Transmutations
 12851 | D:14     | Learned a level 2 spell: Passwall
 13162 | D:13     | Found a gate to the Vaults.
 13173 | D:13     | Reached XP level 14. HP: 70/140 MP: 17/17
 13182 | D:13     | Reached skill level 14 in Unarmed Combat
 13506 | Lair:1   | Entered Level 1 of the Lair of Beasts
 14386 | Lair:2   | Found a staircase to the Shoals.
 14587 | Lair:2   | Found a hole to the Spider Nest.
 14996 | Lair:3   | Found a frozen archway.
 15007 | Lair:3   | Reached skill level 10 in Throwing
 15032 | IceCv    | Entered an ice cave
 15305 | IceCv    | Found an ancient bone altar of Kikubaaqudgha.
 15314 | IceCv    | Reached skill level 10 in Fighting
 16444 | Lair:4   | Found a runed translucent gate.
 16444 | Lair:4   | Found a runed translucent gate.
 16444 | Lair:4   | Found a runed translucent gate.
 16447 | Lair:4   | Reached skill level 1 in Earth Magic
 16459 | Lair:4   | Noticed Esekla's ghost (journeyman OpAK)
 16823 | Lair:4   | Killed Esekla's ghost
 17155 | Lair:5   | Reached XP level 15. HP: 141/149 MP: 18/18
 17386 | Lair:5   | You fall through a shaft!
 17386 | Lair:6   | Entered Level 6 of the Lair of Beasts
 17564 | Lair:5   | Got a vibrating jade ring
 17568 | Lair:5   | Got a vibrating ruby amulet
 17571 | Lair:5   | Identified the ring "Heteawos" {rElec rC+ Int+5} (You
                  | acquired it on level 5 of the Lair of Beasts)
 17574 | Lair:5   | Identified the amulet "Buwkumoalu" {RegenMP MR++ Dex+8}
                  | (You acquired it on level 5 of the Lair of Beasts)
 17802 | Lair:6   | Reached skill level 1 in Shields
 18090 | Lair:6   | Reached skill level 15 in Unarmed Combat
 18236 | Lair:6   | Found a staircase to the Slime Pits.
 18404 | Lair:6   | HP: 6/149 [dream sheep (3)]
 18825 | Lair:6   | Learned a level 1 spell: Confusing Touch
 19909 | Orc:2    | Bought a book of Minor Magic for 300 gold pieces
 19909 | Orc:2    | Bought a book of the Earth for 975 gold pieces
 20027 | D:15     | Entered Level 15 of the Dungeon
 20100 | D:15     | Identified Roxanne's Compendium of Clay
 20100 | D:15     | Noticed Roxanne
 20114 | D:15     | Killed Roxanne
 20469 | D:15     | Reached skill level 5 in Earth Magic
 20569 | D:15     | Noticed Agnes
 20577 | D:15     | Killed Agnes
 20674 | D:15     | Found a staircase to the Depths.
 20799 | D:15     | Reached XP level 16. HP: 106/157 MP: 19/19
 21181 | Spider:1 | Entered Level 1 of the Spider Nest
 22990 | Spider:2 | Noticed Arachne
 22999 | Spider:2 | Killed Arachne
 23018 | Spider:2 | HP: 7/157 [poisoned by Arachne (poison arrow)]
 23023 | Spider:2 | HP: 5/157 [poisoned by Arachne (poison arrow)]
 23028 | Spider:2 | HP: 4/157 [poisoned by Arachne (poison arrow)]
 23033 | Spider:2 | HP: 5/157 [poisoned by Arachne (poison arrow)]
 23333 | Spider:2 | Reached skill level 5 in Shields
 23461 | Spider:2 | Noticed Louise
 23475 | Spider:2 | Killed Louise
 23552 | Spider:2 | Noticed Kirke
 23560 | Spider:2 | Killed Kirke
 24490 | Spider:3 | Reached skill level 16 in Unarmed Combat
 24935 | Spider:3 | HP: 2/158 [demonic crawler (7)]
 24936 | Spider:3 | Mangled by a demonic crawler

Skill      XL: |  1  2  3  4  5  6  7  8  9 10 11 12 13 14 15 16 |
---------------+-------------------------------------------------+-----
Fighting       | 2 3 4 5 6 7 8 9 10 | 10.0
Unarmed Combat | 3 5 6 8 10 11 12 13 14 15 16 | 16.1
Spellcasting   | 2 |  2.3
Charms         | 3 |  3.0
Armour         | 4 6 7 |  7.5
Invocations    | 4 6 |  6.0
Throwing       | 3 6 8 11 12 14 | 14.2
Transmutations | 3 5 6 |  6.6
Earth Magic    | 2 5 7 |  7.0
Shields        | 3 6 |  6.0
Dodging        | |  1.9

Action                   |  1- 3 |  4- 6 |  7- 9 | 10-12 | 13-15 | 16-18 || total
-------------------------+-------+-------+-------+-------+-------+-------++-------
Melee: Unarmed           |    60 |   168 |   252 |   520 |  1041 |   265 ||  2306
       Punch             |       |       |     5 |    41 |   128 |    38 ||   212
       Halberd           |       |       |       |     6 |       |       ||     6
       Scimitar          |       |       |       |       |     4 |       ||     4
Throw: Large rock        |       |       |       |     8 |    27 |    55 ||    90
       Throwing net      |       |       |       |     3 |       |       ||     3
       Javelin           |       |       |       |    21 |    55 |    37 ||   113
 Cast: Song of Slaying   |       |     1 |     5 |    21 |    33 |     4 ||    64
       Infusion          |       |     1 |       |       |       |       ||     1
       Shroud of Golubri |       |       |     8 |    25 |    36 |     3 ||    72
       Ice Form          |       |       |       |       |     7 |       ||     7
       Blade Hands       |       |       |       |       |     2 |       ||     2
       Confusing Touch   |       |       |       |       |    13 |     3 ||    16
Invok: Slouch            |       |       |       |       |     5 |    10 ||    15
       Temporal Distorti |       |       |       |       |     2 |       ||     2
Evoke: Wand              |       |       |     6 |    29 |    13 |    14 ||    62
       Lamp of fire      |       |       |       |     1 |       |       ||     1
       Box of beasts     |       |       |       |       |       |     1 ||     1
  Use: Potion            |     1 |       |       |    12 |     8 |     3 ||    24
       Scroll            |       |     5 |     4 |    14 |    20 |       ||    43
 Stab: Sleeping          |       |     1 |     1 |     3 |       |       ||     5
       Confused          |       |       |       |     9 |    14 |     2 ||    25
       Invisible         |       |       |       |     4 |       |       ||     4
       Paralysed         |       |       |       |     6 |       |       ||     6
       Held in net/web   |       |       |       |     4 |       |       ||     4
       Distracted        |       |       |       |       |     1 |     1 ||     2
  Eat: Chunk             |     3 |    15 |    30 |    35 |    40 |    15 ||   138
       Ration            |     1 |     1 |     1 |       |    11 |     2 ||    16
Armor: Robe              |    17 |    75 |    39 |     9 |       |       ||   140
       Quicksilver drago |       |       |    64 |   328 |   591 |   274 ||  1257
       Skin              |       |       |       |       |    25 |       ||    25
Dodge: Dodged            |    30 |   105 |    95 |   382 |   724 |   304 ||  1640
       Rpst.: Scimitar   |       |       |       |       |     1 |       ||     1
